 Dungeon Crawl Stone Soup version 0.27-a0-1230-gfc7c993222 (webtiles) character file.

Game seed: 14186740508310622629

158 Ethylacetat the Sneak (level 5, -1/50 HPs)
             Began as a Naga Delver on June 8, 2021.
             Slain by a white imp (5 damage)
             ... on level 5 of the Dungeon.
             The game lasted 00:03:08 (82 turns).

Ethylacetat the Sneak (Naga Delver)                   Turns: 82, Time: 00:03:08

Health: -1/50      AC:  3    Str: 15    XL:     5   Next: 40%
Magic:  5/5        EV:  9    Int: 10    God:
Gold:   0          SH:  0    Dex: 13    Spells: 4/4 levels left

rFire    . . .     SeeInvis +   a - +0 falchion
rCold    . . .     Faith    .   (no shield)
rNeg     . . .     Spirit   .   b - +0 leather armour
rPois    +         Reflect  .   (no helmet)
rElec    .         Harm     .   (no cloak)
rCorr    .         Rampage  .   (no gloves)
Will     .....                  (no barding)
Stlth    +++.......             (no amulet)
HPRegen  0.16/turn              (no ring)
MPRegen  0.09/turn              (no ring)

@: very slow
A: AC +1, large, see invisible, deformed body, poison resistance, slowness 2,
spit poison 1, naga tail 1
a: Spit Poison


You were on level 5 of the Dungeon.
You visited 1 branch of the dungeon, and saw 1 of its levels.

Inventory:

Hand Weapons
 a - a +0 falchion (weapon)
Missiles
 h - 4 curare-tipped darts (quivered)
Armour
 b - a +0 leather armour (worn)
Wands
 g - a wand of digging (3)
Scrolls
 c - 2 scrolls of fog
 d - 2 scrolls of magic mapping
 e - a scroll of fear
Potions
 f - a potion of haste


   Skills:
 + Level 4.1 Fighting
 * Level 4.5 Long Blades
 - Level 1.5 Dodging
 - Level 7.2 Stealth


You had 4 spell levels left.
You didn't know any spells.
Your spell library was empty.

Dungeon Overview and Level Annotations

Branches:
Dungeon (5/15)
 Temple: D:4-7

Altars:


Innate Abilities, Weirdness & Mutations

Your serpentine skin is tough. (AC +1)
You have supernaturally acute eyesight. (SInv)
Armour fits poorly on your strangely shaped body.
Your system is resistant to poisons. (rPois)
You cover ground very slowly.
You can spit poison.
You have a snake-like lower body.


Message History

You hit the white imp.
The white imp is severely wounded.
The white imp barely misses you.
You riposte.
You closely miss the white imp.
The white imp is severely wounded.
You completely miss the white imp.
The white imp is severely wounded.
The white imp hits you. The white imp freezes you.
You barely miss the white imp.
The white imp is severely wounded.
The white imp hits you. The white imp freezes you.
* * * LOW HITPOINT WARNING * * *
You hit the white imp but do no damage.
The white imp is severely wounded.
The white imp closely misses you.
You riposte.
You closely miss the white imp.
The white imp is severely wounded.
You closely miss the white imp.
The white imp is severely wounded.
The white imp misses you.
You closely miss the white imp.
The white imp is severely wounded.
The white imp closely misses you.
You closely miss the white imp.
The white imp is severely wounded.
The white imp hits you.
* * * LOW HITPOINT WARNING * * *
The white imp freezes you.
* * * LOW HITPOINT WARNING * * *
The orc shouts!
You hit the white imp but do no damage.
The white imp is severely wounded.
You hear a shout!
The white imp gestures at you. The puff of frost hits you.
* * * LOW HITPOINT WARNING * * *
You hit the white imp.
The white imp is almost dead.
The white imp hits you.
* * * LOW HITPOINT WARNING * * *
The white imp freezes you.
You die...

..... ##..........#
..... #.......##..#
o..... #.####......#
...... #.)....#
...o..#### #......###
.........# #........#
.....(...+ #......#.#
.......(o######....#.#.#
..(.........5@.....#...#
.........#####.....##..#
##................(##..#
#.............#+#####.##
#.............# #..#
#.............# #..#
#........####.# #..##
#........# #.# #...#
#........# #.. #...##


You could see a white imp and an orc.

Vanquished Creatures
  Sigmund (D:5)
1 creature vanquished.

Notes
Turn   | Place    | Note
-------+----------+-------------------------------------------
     0 | D:5      | Ethylacetat the Naga Delver began the quest for the Orb.
     0 | D:5      | Reached XP level 1. HP: 21/21 MP: 1/1
    25 | D:5      | Noticed Sigmund
    44 | D:5      | Killed Sigmund
    45 | D:5      | Reached XP level 2. HP: 11/30 MP: 2/2
    45 | D:5      | Reached XP level 3. HP: 13/36 MP: 3/3
    45 | D:5      | Reached XP level 4. HP: 17/44 MP: 4/4
    45 | D:5      | Reached XP level 5. HP: 19/50 MP: 5/5
    82 | D:5      | Slain by a white imp

Illustrated notes

Levels and vault maps discovered:
D:5:      layout_basic, vehumet_altar_wand_db, uniq_sigmund

Skill      XL: |  1 |
---------------+----+-----
Fighting       | 4 |  4.1
Long Blades    | 4 |  4.5
Dodging        | |  1.5
Stealth        | |  7.2

Action                   |  1- 3 |  4- 6 || total
-------------------------+-------+-------++-------
Melee: Falchion          |       |    10 ||    10
Throw: Dart              |     5 |       ||     5
 Abil: Spit Poison       |     3 |       ||     3
Dodge: Dodged            |       |     5 ||     5
       Rpst.: Falchion   |       |     2 ||     2

Table legend: (Time is in decaauts)
 A = Elapsed time spent in this place.
 B = Non-inter-level travel time spent in this place.
 C = Inter-level travel time spent in this place.
 D = Time resting spent in this place.
 E = Time spent auto-exploring this place.
 F = Levels seen in this place.
 G = Mean time per level.
                   A        B        C        D        E       F      G
               +--------+--------+--------+--------+--------+-----+--------+
         Total |    106 |    106 |      0 |      0 |      0 |   1 |  106.0 |
       Dungeon |    106 |    106 |      0 |      0 |      0 |   1 |  106.0 |
               +--------+--------+--------+--------+--------+-----+--------+

Top non-repeatable levels by time:
     D:5: 106 daAuts
